 Dungeon Crawl Stone Soup version 0.30.2 (webtiles) character file.

Game seed: 6450703417154233072

10523 porpoise the Cleaver (level 11, -3/73 HPs)
             Began as a Gargoyle Fighter on Apr 19, 2024.
             Slain by an orc knight
             ... wielding a +1 long sword of holy wrath
              (12 damage)
             ... on level 10 of the Dungeon.
             The game lasted 00:25:29 (9387 turns).

porpoise the Cleaver (Gargoyle Fighter)             Turns: 9387, Time: 00:25:29

Health: -3/73      AC: 17    Str: 23    XL:     11   Next: 63%
Magic:  11/11      EV: 16    Int:  8    God:
Gold:   322        SH:  6    Dex: 11    Spells: 10/10 levels left

rFire   . . .        a - +0 broad axe (flame)
rCold   . . .        c - +1 buckler
rNeg    + . .        l - +0 scale mail
rPois   ∞            t - +0 helmet
rElec   +            (no cloak)
rCorr   .            (no gloves)
SInv    .            (no boots)
Will    .....        (no amulet) Stlth
                     j - +4 ring of slaying
HPRegen 0.32/turn    w - +5 ring of evasion
MPRegen 0.12/turn

%: no passive effects
@: no status effects
A: sickness immunity, AC +8, negative energy resistance 1, electricity
resistance, torment resistance 1, petrification resistance
a: no special abilities


You were on level 10 of the Dungeon.
You visited 2 branches of the dungeon, and saw 11 of its levels.
You also visited: Bailey.

You collected 644 gold pieces.
You spent 322 gold pieces at shops.

Inventory:

Hand Weapons
 a - a +0 broad axe of flaming (weapon)
 b - the +4 sling of Incongruity {drain, rC+ Will- rCorr Int+2}
   (You bought it in a shop on level 5 of the Dungeon)

   Int:       It affects your intelligence (+2).
   rC:        It protects you from cold.
   rCorr:     It protects you from acid and corrosion.
   Will:      It decreases your willpower.
 x - a +0 sling of chaos
 G - the +4 falchion of Extinguishment {freeze, MP+9}
   (You found it in a bailey)

   MP:        It affects your magic capacity (+9).
 I - a +0 battleaxe
 J - a +2 heavy war axe
Missiles
 o - 15 poisoned darts
 F - 3 throwing nets
 P - 3 curare-tipped darts
Armour
 c - a +1 buckler (worn)
 f - the +3 hat of Pondering {ponderous, Will+ MP+10 Int+5}
   (You took it off Gastronok on level 8 of the Dungeon)

   Int:       It affects your intelligence (+5).
   MP:        It affects your magic capacity (+10).
   Will:      It increases your willpower.
 l - a +0 scale mail (worn)
 t - a +0 helmet (worn)
 A - the +6 chain mail "Pofunitz" {SInv}
   (You found it in a bailey)

   SInv:      It lets you see invisible.
 B - a +2 pair of boots of rampaging
 L - +0 steam dragon scales
 O - a +0 troll leather armour
Jewellery
 j - a +4 ring of slaying (left hand)
 w - a +5 ring of evasion (right hand)
Wands
 y - a wand of polymorph (15)
Scrolls
 d - a scroll of brand weapon
 h - a scroll of torment
 m - 2 scrolls of fear
 q - 2 scrolls of immolation
 r - 4 scrolls of teleportation
 s - a scroll of poison
 u - 2 scrolls of vulnerability
 D - a scroll of noise
 N - a scroll of magic mapping {unknown}
 R - a scroll of enchant weapon {unknown}
Potions
 e - a potion of berserk rage
 g - 3 potions of lignification
 i - 5 potions of curing
 k - a potion of mutation
 n - a potion of ambrosia {unknown}
 p - a potion of magic {unknown}
 v - a potion of resistance {unknown}
 z - a potion of might
 C - a potion of invisibility {unknown}
 E - a potion of degeneration {unknown}
 H - 2 potions of flight {unknown}
 K - 6 potions of heal wounds {unknown}
 M - 2 potions of haste
 Q - a potion of attraction {unknown}


   Skills:
 + Level 10.6 Fighting
 * Level 11.8 Axes
 - Level 7.0 Armour
 - Level 5.0 Dodging
 - Level 5.0 Shields


You had 10 spell levels left.
You didn't know any spells.
Your spell library was empty.

Dungeon Overview and Level Annotations

Branches:
Dungeon (10/15)            Temple (1/1) D:7          Bailey (visited)
   Lair: D:8-11         Orc: D:9-12

Altars:
Ashenzari
Cheibriados
Dithmenos
Elyvilon
Fedhas
Hepliaklqana
Kikubaaqudgha
Makhleb
Nemelex Xobeh
Okawaru
Qazlal
Ru
Sif Muna
Trog
Uskayaw
Vehumet
Wu Jian
Xom
Yredelemnul
Zin
The Shining One

Shops:
D:5 (   D:6 =[*

Annotations:
D:4 2 transporters, drollins's ghost, amateur HOMo
D:8 3 runed translucent doors, Jaukkuri's ghost, novice DESu


Innate Abilities, Weirdness & Mutations

You are immune to sickness and miasma.
Your stone body is resilient. (AC +8)
You are immune to poison.
You resist negative energy. (rN+)
You are resistant to electric shocks. (rElec)
You are resistant to unholy torment.
You are immune to petrification.


Message History

The four-headed hydra roars!
The catoblepas bellows!
The catoblepas breathes a plume of calcifying dust at you.
The blast of calcifying dust hits you.
You enter the shallow water.
Moving in this stuff is going to be slow.
Found a club and a scroll of teleportation.
The catoblepas gores you. The four-headed hydra bites you.
The four-headed hydra misses you.
The four-headed hydra bites you but does no damage. x2
The catoblepas gores you!!
An orc knight comes into view.
It is wielding a +1 long sword of holy wrath.
The orc knight shouts!
You hear a shout!
You hit the catoblepas. You burn the catoblepas.
The catoblepas is lightly wounded.
You slice one of the four-headed hydra's heads off!
The flame cauterises the wound!
You hit the three-headed hydra. You burn the three-headed hydra.
The three-headed hydra bites you but does no damage. x2
The three-headed hydra bites you! You block the catoblepas's attack.
You slash the catoblepas! You burn the catoblepas.
The catoblepas is lightly wounded.
You hit the three-headed hydra. You burn the three-headed hydra.
A boggart comes into view.
The three-headed hydra barely misses you.
The three-headed hydra misses you.
The three-headed hydra bites you but does no damage.
The catoblepas gores you!
* * * LOW HITPOINT WARNING * * *
You closely miss the orc knight.
You hit the three-headed hydra but do no damage.
You hit the catoblepas. You burn the catoblepas.
The three-headed hydra misses you.
You block the three-headed hydra's attack.
The three-headed hydra bites you.
* * * LOW HITPOINT WARNING * * *
The catoblepas breathes a plume of calcifying dust at you.
The blast of calcifying dust hits you.
* * * LOW HITPOINT WARNING * * *
The orc knight hits you with a +1 long sword of holy wrath!
You die...

♣. ♣♣.♣#
#♣.♣.♣#.#
+...♣♣♣♣.#
~?#♣♣.♣♣..#####
#.......#
~.#....)..##...
#..♣♣♣♣.# ~
~)#♣♣.♣♣).##...
# ♣♣.♣# .#.
♣.♣.♣#......
♣♣.♣♣ ♣♣g♣♣#.♣
♣.#...... #♣.♣♣
#♣.~.♣#♣
♣#...... #.♣♣
#oDY~.# #......
#♣.♣♣ ♣@§.♣
#...... ♣♣(♣
♣♣.♣♣ #.#####
♣.# #§# #.#
♣♣.♣♣ ♣♣.♣♣ #..
#♣.♣.♣#♣...♣#♣.♣
#.♣♣♣.....†...♣
#♣.♣.♣#♣...♣#♣.♣
♣♣.♣♣ ♣♣.♣♣ ###
###


You could see a catoblepas, a three-headed hydra, an orc knight and a boggart.

Vanquished Creatures
  Gastronok (D:8)
  2 two-headed ogres
  A gargoyle (Bailey)
  A kobold demonologist (D:10)
  A komodo dragon (D:10)
  A hornet (D:9)
  A shadow (D:10)
  2 wyverns (D:9)
  6 yaks
  3 vampires
  2 vampire mosquitoes (D:10)
  5 steam dragons (D:8)
  A sky beast (D:7)
  6 orc warriors
  2 black bears (D:5)
  2 ice beasts
  2 ogres (D:7)
  2 centaurs
  4 bullfrogs
  5 kobold brigands
  3 gnoll sergeants
  8 wights
  12 killer bees
  6 vampire bats (Bailey)
  4 wolf zombies (Bailey)
  4 howler monkeys
  3 jellies
  7 hounds
  3 orc priests
  2 sleepcaps
  A gnoll bouda (D:7)
  4 orc wizards
  An iguana (D:7)
  23 gnolls
  8 adders
  An ufetubus (D:7)
  2 dart slugs
  25 orcs
  7 ball pythons
  3 bats
  5 endoplasms
  4 giant cockroaches
  6 goblins
  7 hobgoblins
  4 jackals
  6 quokkas
  3 frilled lizards
  16 kobolds
  19 orc zombies (Bailey)
  5 rats
252 creatures vanquished.

Notes
Turn   | Place    | Note
-------+----------+-------------------------------------------
     0 | D:1      | porpoise the Gargoyle Fighter began the quest for the Orb.
     0 | D:1      | Reached XP level 1. HP: 14/14 MP: 1/1
   310 | D:1      | Reached skill level 2 in Axes
   362 | D:1      | Reached XP level 2. HP: 19/19 MP: 2/2
   919 | D:2      | Reached XP level 3. HP: 24/24 MP: 3/3
   986 | D:2      | Reached XP level 4. HP: 29/29 MP: 4/4
  1288 | D:3      | Found a faded altar of an unknown god.
  1629 | D:3      | Reached skill level 3 in Axes
  1629 | D:3      | Reached XP level 5. HP: 34/34 MP: 5/5
  1892 | D:3      | Found an ancient bone altar of Kikubaaqudgha.
  1903 | D:3      | Found a shadowy altar of Dithmenos.
  2213 | D:4      | Found a transporter.
  2217 | D:4      | Noticed drollins's ghost (amateur HOMo)
  2356 | D:4      | Found a hide-covered altar of Uskayaw.
  2395 | D:4      | Reached XP level 6. HP: 28/40 MP: 6/6
  2399 | D:4      | Reached skill level 5 in Fighting
  2399 | D:4      | Reached skill level 5 in Shields
  2413 | D:4      | Reached skill level 4 in Axes
  2414 | D:4      | Reached XP level 7. HP: 17/46 MP: 7/7
  2862 | D:4      | Found a transporter.
  3028 | D:5      | Entered Level 5 of the Dungeon
  3043 | D:5      | Reached skill level 5 in Axes
  3077 | D:5      | Found Otirgh's Antique Weapon Shop.
  3177 | D:5      | Bought a glowing broad axe for 119 gold pieces
  3177 | D:5      | Bought a jewelled sling for 110 gold pieces
  3177 | D:5      | Identified the +4 sling of Incongruity {drain, rC+ Will-
                  | rCorr Int+2} (You bought it in a shop on level 5 of the
                  | Dungeon)
  3441 | D:5      | Found a basalt altar of Yredelemnul.
  3447 | D:5      | Reached XP level 8. HP: 50/53 MP: 8/8
  3511 | D:5      | Reached skill level 1 in Dodging
  3794 | D:6      | Found a glowing golden altar of the Shining One.
  4248 | D:6      | Found Caopp's Jewellery Shoppe.
  4249 | D:6      | Found Neub's Armour Emporium.
  4249 | D:6      | Found Jorukk's Assorted Antiques.
  4292 | D:6      | Bought a scroll labelled RUXOCZ TOAT for 31 gold pieces
  4292 | D:6      | Bought a scroll labelled SUKHUFIEBY for 31 gold pieces
  4292 | D:6      | Bought a scroll labelled GOCINE OLORE for 31 gold pieces
  4510 | D:7      | Reached skill level 6 in Axes
  4599 | D:7      | Reached skill level 5 in Armour
  4689 | D:7      | Reached XP level 9. HP: 57/57 MP: 9/9
  5093 | D:7      | Reached skill level 7 in Axes
  5403 | D:7      | Found a staircase to the Ecumenical Temple.
  5517 | Temple   | Entered the Ecumenical Temple
  5584 | D:8      | Noticed a two-headed ogre
  5598 | D:7      | Killed a two-headed ogre
  5827 | D:8      | Noticed Gastronok
  5930 | D:8      | Killed Gastronok
  5931 | D:8      | Reached skill level 8 in Axes
  5931 | D:8      | Reached skill level 5 in Dodging
  5931 | D:8      | Reached XP level 10. HP: 64/64 MP: 10/10
  6015 | D:8      | Reached skill level 9 in Axes
  6925 | D:8      | Found a runed translucent gate.
  6926 | D:8      | Found a runed translucent gate.
  6931 | D:8      | Noticed Jaukkuri's ghost (novice DESu)
  6932 | D:8      | Found a runed translucent gate.
  7634 | D:9      | Found a hazy altar of Hepliaklqana.
  7651 | D:9      | Found a snail-covered altar of Cheibriados.
  7705 | D:9      | Reached skill level 10 in Axes
  7943 | D:9      | Noticed a two-headed ogre
  7949 | D:9      | Killed a two-headed ogre
  7950 | D:9      | Reached XP level 11. HP: 62/71 MP: 11/11
  8047 | D:9      | Found a flagged portal.
  8092 | Bailey   | Entered a bailey
  8200 | Bailey   | Reached skill level 11 in Axes
  8306 | Bailey   | Reached skill level 10 in Fighting
  8370 | Bailey   | Identified the +6 chain mail "Pofunitz" {SInv}
  8377 | Bailey   | Identified the +4 falchion of Extinguishment {freeze, MP+9}
  8637 | D:9      | Found a blossoming altar of Fedhas.
  8637 | D:9      | Found a stormy altar of Qazlal.
  9110 | D:10     | Entered Level 10 of the Dungeon
  9380 | D:10     | Noticed a four-headed hydra
  9380 | D:10     | Noticed a catoblepas
  9384 | D:10     | Noticed an orc knight
  9387 | D:10     | Slain by an orc knight

Illustrated notes

Levels and vault maps discovered:
D:1:      nagdon_arrival_zigzag_paths, layout_loops_corners,
          hangedman_decor_clover_reticule
D:2:      layout_rooms
D:3:      layout_basic, mainiacjoe_overflow_swirl, basic_ecumenical_altar,
          solitary_fountain
D:4:      layout_rooms, nicolae_uskayaw_suspiria, gammafunk_ghost_stat_death,
          grunt_decor_mini_mirrors
D:5:      layout_basic, old_standard_altar, serial_shops, shop
D:6:      layout_basic, lemuel_crystal_altar, nicolae_wooded_promenade
D:7:      layout_loops_corners, temple_fountains, minmay_bent
D:8:      kennysheep_steamy, layout_layer_cave, gammafunk_ghost_nasty_kobolds,
          nicolae_underground_beach, uniq_gastronok
D:9:      layout_basic, nicolae_overflow_hidden_temple, enter_bailey_4,
          chequers_serial_rivers_micro_a
D:10:     nzn_winding_woodlands_medium [nzn_winding_woodlands_5x5_perimeter,
          nzn_winding_woodlands_5x15_split_checker,
          nzn_winding_woodlands_5x5_checkerboard,
          nzn_winding_woodlands_5x5_cross,
          nzn_winding_woodlands_center_triple_pond,
          nzn_winding_woodlands_5x5_default, nzn_winding_woodlands_5x5_default,
          nzn_winding_woodlands_5x15_sawtooth,
          nzn_winding_woodlands_5x5_closed_star], layout_stronghold,
          mainiacjoe_overflow_six_doors_small, hiddenorc1_lemuel, serial_shops,
          nicolae_shop_hallway_stairs, nicolae_shop_back_alley_shop
Temple:   nicolae_temple_no_exploring_needed

Skill      XL: |  1  2  3  4  5  6  7  8  9 10 11 |
---------------+----------------------------------+-----
Axes           | 2 3 4 5 6 8 10 11 | 11.8
Fighting       | 4 6 7 8 9 10 | 10.6
Shields        | 4 5 |  5.0
Dodging        | 3 5 |  5.0
Armour         | 5 7 |  7.0

Action                     |  1- 3 |  4- 6 |  7- 9 | 10-12 || total
---------------------------+-------+-------+-------+-------++-------
  Melee: War axe           |    68 |    63 |    39 |       ||   170
         Broad axe         |       |       |   142 |   288 ||   430
   Fire: Sling             |       |    11 |     1 |       ||    12
    Use: Potion            |       |     1 |     2 |       ||     3
         Scroll            |       |       |    11 |     5 ||    16
 Armour: Scale mail        |    42 |    28 |    72 |   115 ||   257
  Dodge: Dodged            |    34 |    31 |   121 |   223 ||   409
  Block: Buckler           |    15 |    10 |    43 |   100 ||   168
